 Dungeon Crawl Stone Soup version 0.29.0-4-gdea44cf6ec (webtiles) character file.

Game seed: 5731420032151432111

60 qw the Chopper (level 4, -1/26 HPs)
             Began as a Tengu Warper on Aug 28, 2022.
             Slain by an orc
             ... wielding a +0 flail
              (6 damage)
             ... on level 3 of the Dungeon.
             The game lasted 00:00:11 (2500 turns).

qw the Chopper (Tengu Warper)                       Turns: 2500, Time: 00:00:12

Health: -1/26      AC:  3    Str: 13    XL:     4   Next: 6%
Magic:  8/8        EV: 12    Int: 13    God:
Gold:   108        SH:  0    Dex: 14    Spells: 7/7 levels left

rFire   . . .      SeeInvis +   Y - +1 hand axe (drain)
rCold   . . .      Faith    .   (no shield)
rNeg    . . .      Spirit   .   b - +0 leather armour
rPois   .          Reflect  .   (helmet restricted)
rElec   .          Harm     .   (no cloak)
rCorr   .          Rampage  .   (no gloves)
Will    .....                   (boots unavailable)
Stlth   +.........              (no amulet)
HPRegen 0.08/turn               l - ring of see invisible
MPRegen 0.11/turn               (no ring)

@: about to teleport
A: beak, talons 3
a: no special abilities


You were on level 3 of the Dungeon.
You visited 1 branch of the dungeon, and saw 3 of its levels.

You collected 189 gold pieces.
You spent 81 gold pieces at shops.


Innate Abilities, Weirdness & Mutations

You have a beak for a mouth.
You have claws for feet.


   Skills:
 - Level 2.0 Fighting
 + Level 4.6 Axes
 - Level 1.0 Throwing
 - Level 1.1 Armour
 - Level 2.1 Dodging
 - Level 2.0 Spellcasting
 - Level 2.4 Translocations


You had 7 spell levels left.
You didn't know any spells.
Your spell library contained the following spells:

 Spells                   Type           Power      Damage    Failure   Level
 Blink                    Tloc           14%        N/A       19%         2
 Gell's Gravitas          Tloc           7%         N/A       36%         3
 Lesser Beckoning         Tloc           7%         N/A       36%         3
 Teleport Other           Tloc           7%         N/A       36%         3
 Manifold Assault         Tloc           7%         N/A       98%         5

Inventory:

Hand Weapons
 k - a +0 whip
 Y - a +1 hand axe of draining (weapon)
Armour
 b - a +0 leather armour (worn)
Jewellery
 l - a ring of see invisible (left hand)
Scrolls
 g - a scroll of identify
 j - a scroll of teleportation
Potions
 d - a potion of haste {unknown}
 h - a potion of might {unknown}
 i - a potion of lignification {unknown}

Dungeon Overview and Level Annotations

Branches:
Dungeon (3/15)

Altars:

Shops:
D:2 *


Message History

You have reached level 4!
You feel agile.
You now have 108 gold pieces (gained 9).
An orc comes into view. It is wielding a +0 dagger.
Found a scroll of fog.
The orc shouts!
Enter note: You barely miss the orc.
An orc priest comes into view. It is wielding a +0 whip.
An orc comes into view. It is wielding a +0 flail.
The orc closely misses you.
The orc shouts!
The orc priest shouts!
You hit the orc. You claw the orc.
You kill the orc!
An orc comes into view. It is wielding a +0 dagger.
You see here a +0 dagger.
The orc priest mumbles some strange prayers to Beogh against you.
Beogh smites you!
Ouch! That really hurt!
The orc shouts!
You see here a scroll labelled OMMUIFACLU.
Found an ichor-stained dagger.
The orc hits you with a +0 flail.
You hit the orc priest but do no damage.
You drain the orc priest. You claw the orc priest. You peck the orc priest.
The orc priest is severely wounded.
You barely miss the orc. The orc barely misses you.
You hit the orc priest but do no damage.
You drain the orc priest.
You peck the orc priest, but do no damage.
The orc priest is almost dead.
You hit the orc. The orc priest hits you with a +0 whip. The orc misses you.
2500 ||| READING 2 scrolls of teleportation.
As you read the scroll of teleportation, it crumbles to dust.
You feel strangely unstable. The orc closely misses you.
The orc priest hits you but does no damage.
The orc hits you with a +0 flail.
You die...

#.# #.### #.#..
#.#.####### #.#?......#
.#######.#.###.#.#
.......o..<..#.#.#####
......o@?).....#.#...
...?..o....#.#<#.#.###
.....................#
...........#.#.......#
)............###.....#
...........#####.....###
........................
...........#####.....###
###. ###......


You could see an orc priest (very drained) and 2 orcs.

Vanquished Creatures
  An adder (D:2)
  A worm (D:3)
  A dart slug (D:2)
  An orc (D:3)
  3 endoplasms
  3 giant cockroaches
  8 goblins
  5 hobgoblins
  2 quokkas (D:1)
  5 ball pythons
  A bat (D:2)
  2 frilled lizards (D:1)
  4 kobolds
  3 rats
40 creatures vanquished.

Vanquished Creatures (others)
  4 toadstools (D:1)
4 creatures vanquished.

Grand Total: 44 creatures vanquished

Notes
Turn   | Place    | Note
-------+----------+-------------------------------------------
     0 | D:1      | qw the Tengu Warper began the quest for the Orb.
     0 | D:1      | Reached XP level 1. HP: 12/12 MP: 4/4
     0 | D:1      | 0 ||| qw: Version: 0.1-a-89-g26bdef1
     0 | D:1      | 0 ||| qw: Game counter: 2876
     0 | D:1      | 0 ||| qw: Always use a shield: true
     0 | D:1      | 0 ||| qw: God list: Okawaru
     0 | D:1      | 0 ||| qw: Allow faded altars: false
     0 | D:1      | 0 ||| qw: Do Orc after D:15 true
     0 | D:1      | 0 ||| qw: Do second Lair branch before Depths: true
     0 | D:1      | 0 ||| qw: Lair rune preference: random
     0 | D:1      | 0 ||| qw: Plans: Normal
     0 | D:1      | 0 ||| PLANNING D:1-11
    12 | D:1      | 12 ||| Stepping ~*~*~tactically~*~*~ (stealth).
    14 | D:1      | 14 ||| Stepping ~*~*~tactically~*~*~ (stealth).
    19 | D:1      | HP: 1/12 [hobgoblin (3)]
    72 | D:1      | 72 ||| Stepping ~*~*~tactically~*~*~ (stealth).
    73 | D:1      | 73 ||| Stepping ~*~*~tactically~*~*~ (stealth).
   301 | D:1      | 301 ||| Stepping ~*~*~tactically~*~*~ (stealth).
   303 | D:1      | 303 ||| Stepping ~*~*~tactically~*~*~ (stealth).
   305 | D:1      | 305 ||| Stepping ~*~*~tactically~*~*~ (stealth).
   307 | D:1      | 307 ||| Stepping ~*~*~tactically~*~*~ (stealth).
   315 | D:1      | Reached skill level 3 in Axes
   315 | D:1      | Reached XP level 2. HP: 9/17 MP: 6/6
  1119 | D:1      | 1119 ||| Stepping ~*~*~tactically~*~*~ (stealth).
  1130 | D:1      | Reached XP level 3. HP: 10/21 MP: 7/7
  1171 | D:1      | 1171 ||| Stepping ~*~*~tactically~*~*~ (stealth).
  1282 | D:1      | 1282 ||| DROPPING +0 club.
  1417 | D:1      | 1417 ||| DROPPING ring of flight.
  1418 | D:1      | 1418 ||| READING scroll labelled TEIMYPNAXI.
  1421 | D:1      | 1421 ||| READING scroll labelled KEN SIUTRIZXAO.
  1422 | D:1      | 1422 ||| READING 2 scrolls labelled YNASIMUTOY.
  1423 | D:1      | 1423 ||| READING scroll labelled MIRIYR ETIGHEI.
  1424 | D:1      | 1424 ||| DROPPING scroll of blinking.
  1455 | D:2      | Reached skill level 4 in Axes
  1455 | D:2      | 1455 ||| STAIRDANCE
  1950 | D:2      | Found Xoskiorch's Assorted Antiques.
  1958 | D:2      | 1958 ||| BUYING fizzy amethyst potion (25 gold).
  1958 | D:2      | Bought a fizzy amethyst potion for 25 gold pieces
  1958 | D:2      | 1958 ||| BUYING scroll labelled OTRARCH FAVU (28 gold).
  1958 | D:2      | Bought a scroll labelled OTRARCH FAVU for 28 gold pieces
  1958 | D:2      | 1958 ||| BUYING scroll labelled VUICRE UFURIY (28 gold).
  1958 | D:2      | Bought a scroll labelled VUICRE UFURIY for 28 gold pieces
  1958 | D:2      | 1958 ||| SHOPLISTING scroll of teleportation (84 gold, have
                  | 61).
  1958 | D:2      | 1958 ||| SHOPLISTING steel ring (140 gold, have 61).
  1958 | D:2      | 1958 ||| SHOPLISTING war axe (98 gold, have 61).
  1982 | D:2      | 1982 ||| Stepping ~*~*~tactically~*~*~ (hiding).
  2452 | D:2      | 2452 ||| UPGRADING to ring of see invisible.
  2453 | D:2      | 2453 ||| READING scroll labelled ZACVA XOUKIUR XIRR.
  2454 | D:2      | 2454 ||| READING scroll labelled YTOZXO BYODIHY.
  2455 | D:2      | 2455 ||| READING scroll labelled OTRARCH FAVU.
  2456 | D:2      | 2456 ||| READING scroll labelled VUICRE UFURIY.
  2471 | D:3      | Reached XP level 4. HP: 26/26 MP: 8/8
  2499 | D:3      | HP: 5/26 [orc priest/+0 whip (3)]
  2500 | D:3      | 2500 ||| READING 2 scrolls of teleportation.
  2500 | D:3      | Slain by an orc

Levels and vault maps discovered:
D:1:      ldierk_water_garden, layout_rooms
D:2:      layout_basic, serial_shops, shop
D:3:      wander_river, layout_basic

Skill      XL: |  1  2  3 |
---------------+----------+-----
Axes           | 3 4 |  4.6
Fighting       | |  2.0
Throwing       | |  1.0
Armour         | |  1.1
Dodging        | |  2.1
Spellcasting   | |  2.0
Translocations | |  2.4

Action                   |  1- 3 |  4- 6 || total
-------------------------+-------+-------++-------
Melee: Hand axe          |    86 |     4 ||    90
       Kick              |    19 |     2 ||    21
       Peck              |     6 |     2 ||     8
       Punch             |     1 |       ||     1
Throw: Boomerang         |     7 |       ||     7
  Use: Scroll            |     8 |     1 ||     9
Armor: Leather armour    |     9 |     1 ||    10
Dodge: Dodged            |    36 |     4 ||    40

Table legend:
 A = Non-vault XP
 B = Vault XP
 C = Vault XP percentage of total XP
 D = Non-vault monster count
 E = Vault monster count
 F = Vault count percentage of total count
                 A         B        C        D         E       F
            +---------+---------+-------+---------+---------+-------
      Total |      87 |       0 |   0.0 |      40 |       0 |   0.0
            +---------+---------+-------+---------+---------+-------
        D:1 |      37 |       0 |   0.0 |      22 |       0 |   0.0
        D:2 |      42 |       0 |   0.0 |      16 |       0 |   0.0
        D:3 |       8 |       0 |   0.0 |       2 |       0 |   0.0
            +---------+---------+-------+---------+---------+-------
